Map: Ulrena

Players

Jutso - Winner!

  • Race: Terran Terran
  • League: Diamond

kaitai

  • Race: Zerg Zerg

VOD

Have the link to the VOD?

Description

Time

  • Played on: Nov. 17, 2015, 11:42 a.m.
  • Length: 12:52
Show
View Real Time Build Order
Export as new Build Order

Jutso Terran - Winner!

Build Orders: Reaper Expand 

Get SALT Encoding   

  12  0:00  SCV  
  13  0:12  SCV  
  14  0:18  Supply Depot  
  14  0:25  SCV  
  15  0:39  SCV  
  15  0:40  Barracks  
  16  0:47  Refinery  
  16  0:51  SCV  
  17  1:03  SCV  
  18  1:15  SCV  
  19  1:29  Reaper  
  19  1:30  Orbital Command  
  20  1:45  Command Center  
  20  1:56  SCV  
  21  2:01  Reaper  
  21  2:03  Supply Depot  
  21  2:08  SCV  
  23  2:12  Bunker  
  23  2:22  Refinery  
  23  2:24  SCV  
  24  2:37  Factory  
  23  2:39  SCV  
  24  2:46  Barracks Reactor  
  24  2:51  SCV  
  24  2:57  Orbital Command  
  25  3:00  Supply Depot  
  25  3:03  SCV  
  26  3:15  SCV  
  27  3:27  Starport  
  27  3:29  SCV x2  
  27  3:31  Hellion x2  
  27  3:32  Barracks Reactor  
  33  3:41  SCV x2, Supply Depot  
  33  3:53  SCV, Hellion x2  
  32  4:05  SCV  
  33  4:10  Liberator  
  33  4:26  SCV  
  41  4:38  SCV  
  41  4:40  Liberator  
  41  4:41  Orbital Command  
  33  4:47  Hellion x2  
  36  4:54  SCV  
  37  5:08  Hellion  
  39  5:15  SCV x2  
  41  5:23  Orbital Command  
  41  5:27  SCV  
  43  5:33  Hellion  
  43  5:34  Hellion  
  46  5:48  Liberator  
  46  5:52  SCV x2  
  40  6:04  Barracks Tech Lab  
  40  6:06  SCV x2  
  45  6:17  Command Center  
  45  6:22  SCV x2  
  47  6:26  Hellion  
  47  6:27  Supply Depot  
  49  6:34  SCV x2  
  51  6:46  SCV x2, Marine  
  53  6:49  Hellion x2  
  56  6:58  SCV x2  
  57  7:02  Barracks  
  57  7:03  Barracks  
  57  7:04  Supply Depot  
  57  7:09  Refinery  
  57  7:10  SCV x2  
  59  7:18  Widow Mine  
  59  7:21  Stimpack, Marine  
  62  7:25  Widow Mine  
  62  7:26  SCV  
  62  7:28  Orbital Command  
  65  7:31  SCV  
  66  7:39  Supply Depot  
  66  7:40  Refinery  
  66  7:45  SCV  
  67  7:56  SCV  
  67  7:57  Barracks Reactor x2, Marine, Widow Mine x2, SCV  
  74  7:59  Starport Reactor  
  74  8:08  SCV  
  74  8:09  SCV  
  76  8:15  Engineering Bay  
  76  8:16  Engineering Bay  
  76  8:23  SCV x2  
  78  8:27  Supply Depot x2  
  78  8:28  Marine  
  79  8:35  SCV  
  79  8:38  Orbital Command  
  80  8:42  Marine x3  
  80  8:43  Marine  
  80  8:45  Terran Infantry Weapons Level 1, Terran Infantry Armor Level 1  
  80  8:46  Missile Turret  
  80  8:47  SCV  
  85  8:51  Missile Turret  
  85  8:52  Missile Turret  
  85  8:58  Marine  
  85  9:00  Marine, Medivac  
  85  9:01  Medivac  
  91  9:04  Missile Turret  
  91  9:06  Missile Turret  
  91  9:08  SCV x2, Marine x2  
  95  9:14  SCV  
  96  9:19  Marine  
  96  9:20  SCV x2, Widow Mine, Marine x2  
  103  9:27  SCV, Marine x2  
  106  9:32  SCV  
  106  9:46  Marine x2  
  106  9:49  Marine  
  109  9:54  Supply Depot  
  109  9:57  Supply Depot, Marine x2  
  111  10:01  Barracks x2  
  111  10:02  Combat Shields, Barracks  
  111  10:04  Medivac x2, Marine x2  
  111  10:06  Armory  
  117  10:15  SCV x3, Marine, Widow Mine x2  
  125  10:27  SCV  
  124  10:35  Marine x4  
  122  10:36  Medivac x2, Marine  
  123  10:44  Refinery  
  123  10:46  Refinery  
  123  10:50  Supply Depot x2  
  123  10:51  Barracks Reactor, Bunker  
  123  10:52  Barracks Reactor x2  
  123  10:53  Supply Depot, Marine x2  
  123  10:54  Marine x2  
  127  11:03  Supply Depot  
  127  11:04  Supply Depot  
  127  11:05  SCV x3  
  127  11:07  Marine  
  127  11:11  Marine  
  124  11:20  Marine  
  124  11:21  Marine x2  
  124  11:25  Marine  
  118  11:28  Marine  
  118  11:29  Marine x2  
  118  11:30  Marine x3  
  118  11:32  SCV  
  125  11:38  Marine x3  
  128  11:41  Marine  
  128  11:43  Marine  
  128  11:46  Marine x2  
  131  11:47  Marine x2  
  131  11:48  Marine x2  
  135  11:56  Widow Mine, Marine x3  
  135  11:59  Marine  
  135  12:00  Marine  
  142  12:04  Marine x2  
  142  12:05  Marine x4  
  148  12:13  Medivac x2  
  148  12:14  SCV, Marine x3  
  155  12:16  Marine  
  155  12:18  Marine  
  155  12:22  Marine x2  
  159  12:23  Marine x2  
Show
View Real Time Build Order
Export as new Build Order

kaitai Zerg 

Build Orders: Hatch First, Zergling Baneling 

Get SALT Encoding   

  12  0:01  Drone  
  13  0:13  Overlord  
  13  0:29  Drone  
  13  0:35  Drone x2  
  16  0:41  Drone  
  17  0:51  Drone  
  18  0:59  Hatchery  
  17  1:06  Extractor  
  17  1:07  Drone  
  17  1:17  Spawning Pool  
  16  1:19  Drone  
  17  2:05  Zergling x6  
  20  2:10  Queen  
  20  2:11  Metabolic Boost  
  20  2:13  Queen  
  20  2:14  Zergling x2  
  25  2:35  Drone x3  
  28  2:37  Overlord  
  28  2:51  Overlord  
  28  2:54  Baneling Nest  
  28  2:57  Zergling x6  
  30  3:00  Drone  
  31  3:22  Zergling x12  
  31  3:23  Zergling x6  
  39  3:38  Zergling x6  
  42  3:59  Zergling x6  
  42  4:00  Zergling x2  
  42  4:07  Baneling x5  
  42  4:09  Baneling x3  
  41  4:15  Zergling x8  
  42  4:19  Overlord  
  42  4:24  Drone x2  
  40  4:42  Zergling x8  
  38  4:51  Drone x6  
  44  5:09  Drone x4  
  48  5:15  Lair  
  48  5:16  Extractor  
  47  5:27  Spine Crawler  
  43  5:30  Zergling x8  
  43  5:34  Baneling x4  
  46  5:35  Baneling  
  46  5:41  Spine Crawler  
  39  6:04  Drone x9  
  48  6:12  Spore Crawler  
  47  6:28  Overlord x2  
  29  7:08  Spire  
  29  7:15  Spore Crawler  
  27  7:20  Extractor  
  25  7:33  Queen  
  27  7:38  Drone x3  
  30  7:49  Drone  
  30  7:50  Drone x11  
  42  8:18  Infestation Pit  
  42  8:24  Zergling x14  
  49  8:28  Centrifical Hooks  
  49  8:29  Evolution Chamber  
  49  8:30  Zergling x2  
  49  8:37  Baneling x8  
  49  8:43  Drone x4  
  49  8:47  Extractor  
  52  8:54  Pneumatized Carapace  
  52  8:58  Zerg Ground Armor Level 1, Zergling x2  
  52  8:59  Zergling x6  
  56  9:03  Overlord  
  56  9:12  Drone x2  
  56  9:13  Overlord  
  58  9:43  Zergling x2  
  58  9:44  Zergling x12  
  56  9:56  Pathogen Glands  
  56  10:04  Zergling x10  
  61  10:07  Hatchery  
  61  10:11  Baneling x6  
  60  10:17  Overseer  
  53  10:32  Zergling x10  
  53  10:33  Zergling x6  
  55  10:56  Baneling x4  
  55  10:57  Baneling  
  55  11:01  Baneling  
  55  11:02  Baneling x7  
  55  11:08  Zergling x2  
  55  11:09  Zergling x2  
  39  11:21  Zergling x2  
  39  11:22  Zergling x4  
  36  11:33  Overlord  
  27  12:00  Infestor  
  29  12:08  Infestor x2  
  31  12:09  Overlord  
  31  12:10  Overlord  
Tags
 
Add a new tag
Caveats
  • Supply blocks, unpowered buildings, or Contaminate may cause inaccurate times.
  • Supply counts are checked every 10 seconds.